[Event "Late-Titled-Tuesday-Blitz-June-25-2024"]
[Site "Chess.com"]
[Date "2024.06.25"]
[Round "11"]
[White "hoshiboshi"]
[Black "shirovin"]
[Result "0-1"]
[WhiteElo "2232"]
[BlackElo "2118"]
[TimeControl "180+1"]
[EndTime "16:06:39 PDT"]
[Termination "shirovin won by resignation"]

1. e4 c5 2. Nf3 d6 3. d4 cxd4 4. Nxd4 Nf6 5. Nc3 a6 6. Be2 e5 7. Nb3 Be7 8. O-O O-O 9. Re1 Be6 10. Bf3 Nbd7 11. a4 Qc7 12. a5 Rac8 13. Be3 Nc5 14. Nxc5 dxc5 15. Nd5 Qd8 16. c4 Bxd5 17. exd5 e4 18.
Be2 Bd6 19. Bd2 Be5 20. Bc3 Re8 21. Bxe5 Rxe5 22. Bf1 Qd6 23. Ra3 h5 24. h4 g5 25.
Rg3 Ng4 26. Rxg4 hxg4 27. Qxg4 Rce8 28. Re3 Qe7 29. Be2 Kg7 30. Rg3 f6 31. f4 exf3 32.
Bxf3 Re1+ 33. Kh2 Qe5 34. Qh5 Rh8 35. Qg4 0-1

[Event "Late-Titled-Tuesday-Blitz-June-25-2024"]
[Site "Chess.com"]
[Date "2024.06.25"]
[Round "11"]
[White "Dedic8"]
[Black "mishanick"]
[Result "1-0"]
[WhiteElo "2974"]
[BlackElo "3126"]
[TimeControl "180+1"]
[EndTime "16:06:41 PDT"]
[Termination "Dedic8 won on time"]

1. d4 Nf6 2. c4 e6 3. Nc3 Bb4 4. e3 O-O 5. Bd3 Re8 6. Ne2 d5 7. O-O h6 8. a3 Bf8 9. b4 a5 10.
bxa5 Rxa5 11. Nf4 c6 12. Bb2 Nbd7 13. e4 dxe4 14. Nxe4 Nxe4 15. Bxe4 Nf6 16. Bc2 Bd6 17. Nd3 Rh5 18. Ne5 c5 19. Re1 Qc7 20. Qe2 b6 21.
h3 Bb7 22. f4 Rd8 23. Ng4 Nd7 24. d5 exd5 25. Ne3 g6 26. cxd5 Bxf4 27. Ng4 Qd6 28. Rf1 Bxd5 29. Rad1 Bh2+ 30. Nxh2 Nf8 31. Ng4 Nh7 32.
Qe3 Qf8 33. Qf4 Rg5 34. Rd2 Be6 35. Nf6+ Nxf6 36. Qxf6 1-0

[Event "Late-Titled-Tuesday-Blitz-June-25-2024"]
[Site "Chess.com"]
[Date "2024.06.25"]
[Round "11"]
[White "guillembaches"]
[Black "Hirna2005"]
[Result "1-0"]
[WhiteElo "2526"]
[BlackElo "2376"]
[TimeControl "180+1"]
[EndTime "16:06:41 PDT"]
[Termination "guillembaches won on time"]

1. d4 g6 2. Nf3 Bg7 3. c3 d6 4. Bg5 Nd7 5. Nbd2 c5 6. e3 b6 7.
Bd3 Bb7 8. h3 Ngf6 9. Qe2 O-O 10. O-O-O Rc8 11. Kb1 Qc7 12. Bf4 Rfe8 13. Bh2 e5 14.
dxe5 dxe5 15. e4 Nh5 16. g3 Rcd8 17. Nc4 Nb8 18. Ne3 Nf6 19. Nd2 Nc6 20. g4 Ne7 21. f3 Nd7 22. Bb5 Bc6 23. Bc4 a6 24.
Bxa6 Ra8 25. Bc4 b5 26. Bd5 Nxd5 27. exd5 Bb7 28. Ne4 c4 29. a3 Qb6 30. h4 Nc5 31.
Bg1 Nxe4 32. fxe4 Qd6 33. h5 Bh6 34. hxg6 Qxg6 35. Nf5 Bf8 36. Be3 Bc8 37. Rh5 f6 38. Rdh1 Rb8 39. Qh2 Rb7 40. Ka2 Rf7 41. Bh6 Bc5 42.
Be3 Bf8 43. Nh6+ Bxh6 44. Rxh6 1-0

[Event "Late-Titled-Tuesday-Blitz-June-25-2024"]
[Site "Chess.com"]
[Date "2024.06.25"]
[Round "11"]
[White "Bob_2004"]
[Black "Chaubunagungamaug1"]
[Result "1-0"]
[WhiteElo "2725"]
[BlackElo "2582"]
[TimeControl "180+1"]
[EndTime "16:06:45 PDT"]
[Termination "Bob_2004 won on time"]

1. e4 c5 2. Nf3 e6 3. d4 cxd4 4. Nxd4 Nf6 5. Nc3 Nc6 6. Nxc6 bxc6 7. e5 Nd5 8. Ne4 Qc7 9. f4 Qb6 10. c4 Bb4+ 11. Ke2 f5 12. Nf2 Ba6 13. Kf3 Ne7 14.
a3 Bc5 15. Qc2 g5 16. g3 Bb7 17. b4 Bxf2 18. c5 Bxc5 19. bxc5 Qc7 20. Rb1 a5 21. Bc4 Ba6 22. Bxa6 Rxa6 23. Qc4 Ra8 24. Bd2 Kf7 25. h4 gxf4 26. Qxf4 Ng6 27. Qd4 Nxe5+ 28. Kg2 Rhg8 29. Bc3 Ng4 30. Rhd1 Rad8 31.
Rf1 h5 32. Rf3 Rg6 33. Rbf1 Rdg8 34. Rxf5+ exf5 35. Rxf5+ Ke8 36. Rf3 Nf6 37. Qe3+ Kf7 38. Be5 Qd8 39. Qd4 Qe7 40. Qc4+ Qe6 41. Qc3 Qd5 42. Kf2 Ke6 43. Bxf6 Rg4 44. Bg5 1-0

[Event "Late-Titled-Tuesday-Blitz-June-25-2024"]
[Site "Chess.com"]
[Date "2024.06.25"]
[Round "11"]
[White "klercaku"]
[Black "Kielinkei"]
[Result "1-0"]
[WhiteElo "2339"]
[BlackElo "2487"]
[TimeControl "180+1"]
[EndTime "16:06:46 PDT"]
[Termination "klercaku won by resignation"]

1. e4 c5 2. Nf3 e6 3. d4 cxd4 4. Nxd4 Nc6 5. Nc3 Qc7 6. Be3 a6 7. a3 Nf6 8. Be2 Be7 9. O-O O-O 10. h3 d6 11. f4 Bd7 12. Bf3 Rad8 13. Qe2 b5 14. Rad1 Nxd4 15. Bxd4 e5 16. Be3 Bc6 17. f5 Qb7 18. Bf2 a5 19. b4 axb4 20. axb4 Rc8 21. g4 Nd7 22. Nd5 Bd8 23. h4 Bxd5 24. Rxd5 Qc6 25.
Rfd1 Be7 26. Qxb5 Qxb5 27. Rxb5 Rxc2 28. Rb7 Rd8 29. b5 Rxf2 30. Kxf2 Bxh4+ 31. Kg2 Nc5 32. Rc7 h5 33. b6 hxg4 34. Bxg4 Rb8 35. Rxd6 Nxe4 36. Rdc6 Kh7 37. b7 Bd8 38. Rxf7 Nd2 39. Rc8 Bc7 40. Rfxc7 1-0

[Event "Late-Titled-Tuesday-Blitz-June-25-2024"]
[Site "Chess.com"]
[Date "2024.06.25"]
[Round "11"]
[White "SebbyMeister"]
[Black "pinelone"]
[Result "1-0"]
[WhiteElo "2277"]
[BlackElo "2403"]
[TimeControl "180+1"]
[EndTime "16:06:47 PDT"]
[Termination "SebbyMeister won on time"]

1. e4 c6 2. d4 d5 3. e5 c5 4. dxc5 e6 5. a3 Bxc5 6. b4 Be7 7. Bb2 a5 8. Qg4 Kf8 9. Nf3 axb4 10. axb4 Rxa1 11.
Bxa1 Na6 12. Bxa6 bxa6 13. O-O Nh6 14. Qf4 Bd7 15. Nd4 f5 16. exf6 Bxf6 17. Re1 Nf7 18.
Nxe6+ Bxe6 19. Bxf6 Qxf6 20. Qxf6 gxf6 21. Rxe6 Kg7 22.
Rxa6 Rc8 23. c3 d4 24. Ra3 Ne5 25. Kf1 d3 26. Ra2 Nc4 27. Ke1 Kf7 28. Kd1 Ke6 29. Nd2 Ne5 30. Ra3 Ng4 31. Ne4 Kd5 32. f3 Ne3+ 33.
Kc1 Nxg2 34. Ra6 f5 35. Rd6+ Kc4 36. Rd4+ Kb3 37. Nc5+ Ka3 38. Kd2 1-0

[Event "Late-Titled-Tuesday-Blitz-June-25-2024"]
[Site "Chess.com"]
[Date "2024.06.25"]
[Round "11"]
[White "Winner_7777"]
[Black "cthulhuuu"]
[Result "0-1"]
[WhiteElo "2518"]
[BlackElo "2421"]
[TimeControl "180+1"]
[EndTime "16:06:49 PDT"]
[Termination "cthulhuuu won by checkmate"]

1. d4 Nf6 2. c4 e5 3. dxe5 Ng4 4. e3 Nxe5 5. Nc3 Bb4 6. f4 Bxc3+ 7. bxc3 Nec6 8. Bd3 d6 9. Nf3 Nd7 10. O-O Nc5 11.
Bc2 f5 12. Ng5 O-O 13. Qd5+ Kh8 14. Nf7+ Rxf7 15. Qxf7 Be6 16. Qh5 Qf6 17. Bd2 Bxc4 18. Rf3 g6 19. Qh6 Re8 20. Rh3 Qg7 21. Qh4 b5 22. Re1 Bxa2 23. g4 fxg4 24. Qxg4 Be6 25. f5 Bxf5 26. Bxf5 gxf5 27. Qxg7+ Kxg7 28. Rf3 Ne4 29. Bc1 Rf8 30. Ref1 Kg6 31. Bb2 Ne5 32. Rh3 Nc4 33. Ba1 a5 34. Rh4 Rf7 35. Kh1 Nxe3 36.
Rg1+ Kf6 37. c4+ Ke6 38. cxb5 Nf2# 0-1

[Event "Late-Titled-Tuesday-Blitz-June-25-2024"]
[Site "Chess.com"]
[Date "2024.06.25"]
[Round "11"]
[White "prxcess_brownie"]
[Black "Beaterawn"]
[Result "0-1"]
[WhiteElo "2237"]
[BlackElo "2411"]
[TimeControl "180+1"]
[EndTime "16:06:49 PDT"]
[Termination "Beaterawn won by resignation"]

1. c4 e5 2. Nc3 Nf6 3. Nf3 Nc6 4.
g3 Bc5 5. Bg2 d6 6. O-O O-O 7.
h3 a6 8. d3 h6 9. Kh2 Bd7 10.
a3 Re8 11. e4 Nd4 12. Nxd4 exd4 13. Ne2 a5 14. Rb1 c6 15. b4 axb4 16. axb4 Bb6 17.
Bb2 c5 18. f4 Nh7 19. Ra1 f5 20. exf5 Rxa1 21. Bxa1 Bxf5 22. g4 Bc8 23. b5 Re3 24. Rf3 Qe7 25. Ng3 Nf6 26. Qd2 Re1 27. Bb2 Bd8 28.
Bc1 Bxg4 29. Rf1 Re3 30. Qc2 Be2 31. Re1 Ng4+ 32. hxg4 Bxd3 33. Rxe3 Qh4+ 34. Kg1 Bxc2 35.
Bd5+ Kf8 36. Kf2 dxe3+ 37. Bxe3 Bf6 38. Kf3 Bd1+ 39. Kf2 Bxg4 40. Bxb7 Bd4 41. Bg2 Bxe3+ 42. Kxe3 Qxg3+ 0-1

[Event "Late-Titled-Tuesday-Blitz-June-25-2024"]
[Site "Chess.com"]
[Date "2024.06.25"]
[Round "11"]
[White "Quattroporte300"]
[Black "tarno17"]
[Result "0-1"]
[WhiteElo "2393"]
[BlackElo "2193"]
[TimeControl "180+1"]
[EndTime "16:06:49 PDT"]
[Termination "tarno17 won by resignation"]

1. e4 c5 2. Nc3 a6 3. Nf3 e6 4.
d4 cxd4 5. Nxd4 Qc7 6. g3 Nf6 7.
Bg2 d6 8. O-O Be7 9. a4 Nc6 10.
Re1 e5 11. Nb3 Bg4 12. f3 Be6 13. Bg5 O-O 14. Bxf6 Bxf6 15. Nd5 Bxd5 16. exd5 Ne7 17.
Qd3 Rac8 18. Re2 g6 19. Bh3 Rb8 20. a5 Bg7 21. Rc1 f5 22. c4 b6 23. axb6 Qxb6+ 24. c5 Qxb3 25. Qxb3 Rxb3 26. cxd6 Nxd5 27. Rd2 Nf6 28. Rc7 Rd8 29. Bf1 Rb6 30. d7 Bf8 31. Bc4+ Kg7 32. b3 Be7 33. Kg2 Rd6 34. Rxd6 Bxd6 35.
Rc6 Rxd7 36. Be6 Rd8 37. Rxa6 e4 38. fxe4 Nxe4 39. Ra7+ Kh6 40. Bc4 Bc5 41. h4 Bxa7 0-1

[Event "Late-Titled-Tuesday-Blitz-June-25-2024"]
[Site "Chess.com"]
[Date "2024.06.25"]
[Round "11"]
[White "TokChess"]
[Black "jcibarra"]
[Result "0-1"]
[WhiteElo "2551"]
[BlackElo "2898"]
[TimeControl "180+1"]
[EndTime "16:06:50 PDT"]
[Termination "jcibarra won on time"]

1. e4 c5 2. Nf3 e6 3. d3 Nc6 4. Nbd2 g6 5. g3 Bg7 6. Bg2 d5 7. O-O Nf6 8. Re1 O-O 9. Qe2 e5 10. exd5 Nxd5 11. Nc4 Re8 12. Bg5 f6 13. Bd2 Be6 14.
a4 b6 15. c3 Qd7 16. a5 b5 17. Ne3 Rad8 18. a6 Nde7 19. Bf1 Nc8 20. Qd1 Nb6 21.
Qc2 Qf7 22. b4 cxb4 23. cxb4 Rc8 24. Qb2 h6 25. Bg2 f5 26. Bc3 Na4 27. Rxa4 bxa4 28. b5 Nd4 29. Nxd4 Rxc3 30. Nxe6 Rb3 31. Qa2 Rxe6 32.
Bd5 Kh7 33. Bxb3 axb3 34. Qxb3 Qd7 35. Nc4 Qd5 36. Rb1 e4 37. b6 exd3 38. b7 Re2 39. b8=Q d2 40. Qf4 Re1+ 0-1

[Event "Late-Titled-Tuesday-Blitz-June-25-2024"]
[Site "Chess.com"]
[Date "2024.06.25"]
[Round "11"]
[White "lamomiajunior"]
[Black "MaxLeto"]
[Result "0-1"]
[WhiteElo "2746"]
[BlackElo "2484"]
[TimeControl "180+1"]
[EndTime "16:06:54 PDT"]
[Termination "MaxLeto won by resignation"]

1. d4 d5 2. Nc3 Nf6 3. Bf4 c5 4.
e4 e6 5. Nb5 Na6 6. e5 Nd7 7.
c3 Qb6 8. Nf3 Nc7 9. Nxc7+ Qxc7 10. Bd3 h6 11. h4 Be7 12. h5 b6 13. Qe2 a5 14. O-O Qa7 15. a4 Ba6 16. Bb5 Bxb5 17.
axb5 Rc8 18. Rfc1 O-O 19. g3 Rc7 20. Kg2 Rfc8 21. Rd1 cxd4 22. Nxd4 Nb8 23. g4 Rc4 24. Be3 Qd7 25. f4 f6 26. Rf1 Rf8 27. Rae1 Bc5 28.
Kh3 fxe5 29. fxe5 Rxf1 30. Rxf1 Bxd4 31. Bxd4 Qxb5 32. Qf3 Qe8 33. Bxb6 a4 34. Bd4 Nc6 35. Qf4 Qe7 36. Rf2 Qe8 37. Qe3 Nxd4 38. cxd4 Qe7 39.
Qf4 Qe8 40. Qe3 Qe7 41. Kg3 Qa7 42. Rd2 Rb4 43. Qc3 Rb3 44. Qxb3 axb3 45. Kf3 Qa4 46.
Ke3 Qc4 47. Rd3 Qc2 48. Rd2 Qc1 49. Ke2 Qg1 50. Kf3 Qf1+ 51. Ke3 Qh1 52. Kd3 Qe4+ 53. Kc3 Qxg4 54. Rh2 Qg3+ 55. Kb4 Qxh2 0-1

[Event "Late-Titled-Tuesday-Blitz-June-25-2024"]
[Site "Chess.com"]
[Date "2024.06.25"]
[Round "11"]
[White "Snowball-03"]
[Black "Bkmzzzzz"]
[Result "1-0"]
[WhiteElo "2612"]
[BlackElo "2395"]
[TimeControl "180+1"]
[EndTime "16:06:55 PDT"]
[Termination "Snowball-03 won by resignation"]

1. e4 d6 2. d4 Nf6 3. Nc3 e5 4. Nf3 Nbd7 5. Bc4 Be7 6. O-O O-O 7. Re1 c6 8. a4 b6 9. h3 a6 10. Be3 Rb8 11. dxe5 Nxe5 12. Nxe5 dxe5 13. Qf3 Qc7 14.
Ne2 b5 15. axb5 axb5 16. Bb3 c5 17. c3 Bb7 18. Ng3 c4 19. Bc2 Bc5 20. Bg5 Ne8 21.
Rad1 f6 22. Bc1 Nd6 23. Qg4 Bc8 24. Qe2 Qb6 25. b4 cxb3 26. Bxb3+ Kh8 27. Rd2 b4 28. c4 Be6 29. Red1 Bf7 30. Nf1 Rbc8 31. Ne3 Bxe3 32. Rxd6 Bxf2+ 33. Qxf2 Qa5 34. Qc2 h6 35. Be3 Qa3 36.
R6d3 Qa8 37. Rd7 Be6 38. Ra7 Qc6 39. c5 Bxb3 40. Qxb3 Qxe4 41. Bf2 f5 42. Re1 Qf4 43.
g3 Qd2 44. Rxe5 f4 45. g4 f3 46. Rd5 Qc1+ 47. Rd1 Qf4 48. Qb2 Rg8 49. Rdd7 Qg5 50. Rxg7 Rxg7 51. Rxg7 Qxg7 52. Bd4 Rc7 53. Bxg7+ Rxg7 54.
Qxb4 1-0

[Event "Late-Titled-Tuesday-Blitz-June-25-2024"]
[Site "Chess.com"]
[Date "2024.06.25"]
[Round "11"]
[White "djano"]
[Black "maracayo"]
[Result "1-0"]
[WhiteElo "2585"]
[BlackElo "2408"]
[TimeControl "180+1"]
[EndTime "16:06:56 PDT"]
[Termination "djano won on time"]

1. e4 d6 2. Nc3 Nf6 3. f4 c6 4.
Nf3 Qa5 5. Bc4 d5 6. exd5 cxd5 7. Bb3 Nc6 8. O-O Bg4 9. h3 Qc5+ 10. Kh1 h5 11. d4 Bxf3 12. Qxf3 Nxd4 13. Qd3 Nxb3 14.
axb3 e6 15. f5 e5 16. Bg5 O-O-O 17. b4 Qc4 18. Qxc4+ dxc4 19. Rxa7 Bxb4 20. Bxf6 gxf6 21. Ne4 Be7 22. c3 Kb8 23. Ra4 Rc8 24. Rfa1 Rhd8 25. Kh2 h4 26. R1a2 Rd3 27. Ra8+ Kc7 28. R8a4 Kd8 29. Ra7 Re3 30. Nf2 Rc7 31. Ng4 Re2 32. Ra1 Bc5 33. Rd1+ Ke7 34. Ra8 Bf2 35. Nh6 Bg3+ 36.
Kg1 Re1+ 37. Rxe1 Bxe1 38. Kf1 Bg3 39. Ng8+ Kd6 40. Nxf6 Kc6 41. Ne4 Rd7 42. Ke2 Rd3 43. Rd8 Rd4 44. cxd4 1-0

[Event "Late-Titled-Tuesday-Blitz-June-25-2024"]
[Site "Chess.com"]
[Date "2024.06.25"]
[Round "11"]
[White "SpeedofLight0"]
[Black "wonderfultime"]
[Result "1-0"]
[WhiteElo "3155"]
[BlackElo "3059"]
[TimeControl "180+1"]
[EndTime "16:06:57 PDT"]
[Termination "SpeedofLight0 won on time"]

1. d4 d5 2. Nc3 Nf6 3. Bf4 a6 4. e3 b5 5. Bd3 Bb7 6. g4 e6 7. g5 Nfd7 8. h4 c5 9. a3 Nc6 10. Nf3 Qb6 11. Bf1 cxd4 12. exd4 Na5 13. h5 Bd6 14. Qd2 Nc4 15. Bxc4 dxc4 16. Rh3 O-O-O 17. O-O-O Rhe8 18. Kb1 Qc7 19. Bxd6 Qxd6 20. Qe3 Kb8 21. h6 g6 22. Ne5 Nxe5 23. dxe5 Qc7 24. Rxd8+ Rxd8 25.
Rh4 Rd7 26. Rd4 Qd8 27. Rxd7 Qxd7 28. Qc5 Qd8 29. f4 Bc8 30. a4 bxa4 31. Qxc4 Qd2 32. Qxa4 Qe1+ 33. Ka2 Qf2 34. Qb4+ Bb7 35. Qf8+ Ka7 36.
Qxf7 Qxc2 37. Qxe6 Qd3 38. Qb3 Bc8 39. Qb4 Be6+ 40.
Ka3 Qd7 41. Qc5+ Kb7 42. b3 Qd2 43. Qe7+ Bd7 44. Qb4+ Kc8 45. Qc5+ Kd8 46. Nd5 1-0

[Event "Late-Titled-Tuesday-Blitz-June-25-2024"]
[Site "Chess.com"]
[Date "2024.06.25"]
[Round "11"]
[White "maximnovik"]
[Black "KNVB"]
[Result "1-0"]
[WhiteElo "2530"]
[BlackElo "2662"]
[TimeControl "180+1"]
[EndTime "16:06:58 PDT"]
[Termination "maximnovik won by checkmate"]

1. e4 b6 2. d4 Bb7 3. Nc3 e6 4.
a3 g6 5. Nf3 Bg7 6. Bd3 d6 7.
O-O a6 8. Re1 h6 9. Ne2 Nd7 10.
Ng3 Ne7 11. c3 c5 12. Be3 O-O 13. Qd2 Kh7 14. Rad1 Qc7 15. h4 Rad8 16. h5 e5 17. d5 c4 18. Bc2 Nf6 19. Nh2 g5 20. Qe2 Bc8 21. f3 Kh8 22. a4 Bd7 23. Ng4 Rb8 24. Ra1 Rfc8 25. Bd2 Qd8 26. Ne3 Qc7 27. Qf1 Rb7 28. Bd1 Bf8 29. Be2 b5 30. axb5 Bxb5 31. Ra2 Ne8 32. Rea1 Rb6 33. Kh1 Ng7 34. Nc2 f6 35. Nb4 Qb7 36. Be3 Kg8 37. Qf2 Rb8 38. Bxb6 Qxb6 39. Qxb6 Rxb6 40. Nxa6 f5 41. Nb4 f4 42. Nf1 Nxh5 43. Ra8 Kf7 44. R1a7 Nf6 45. Nd2 g4 46. Bxc4 gxf3 47. gxf3 h5 48. Bxb5 Rxb5 49. Nc4 Kg6 50. Rxf8 h4 51. Rxe7 Nh5 52. Rg8+ Kh6 53. Rg4 Ng3+ 54. Kg2 Rb8 55. Re6+ Kh5 56. Rxd6 Ra8 57. Nxe5 Ra1 58. Nf7 h3+ 59. Kxh3 Rh1+ 60. Kg2 Rh2+ 61. Kxh2 Nf1+ 62. Kg1 Ne3 63. Rg5+ Kh4 64.
Rh6# 1-0

[Event "Late-Titled-Tuesday-Blitz-June-25-2024"]
[Site "Chess.com"]
[Date "2024.06.25"]
[Round "11"]
[White "enriquebutti"]
[Black "LidongW"]
[Result "0-1"]
[WhiteElo "2189"]
[BlackElo "2336"]
[TimeControl "180+1"]
[EndTime "16:06:58 PDT"]
[Termination "LidongW won by resignation"]

1. d4 Nf6 2. Nf3 g6 3. c4 c5 4. Nc3 Bg7 5. d5 d6 6. Nd2 O-O 7. e4 e6 8. Be2 exd5 9. cxd5 Re8 10. f3 Na6 11. O-O Nc7 12. a4 b6 13. Nc4 Rb8 14. Nb5 Nxb5 15. axb5 Rb7 16. Re1 Bf8 17. Bd2 Bd7 18.
Qb3 Nh5 19. g4 Nf6 20. Bf4 Bc8 21. Ra2 Qd7 22. Bd2 Bg7 23. Bc3 h5 24. h3 Qe7 25.
Qd1 Nh7 26. Kg2 Qh4 27. Rh1 Rd8 28. Bxg7 Kxg7 29. Qe1 Qf6 30. Qg3 h4 31. Qh2 g5 32.
Rd1 Re7 33. Rda1 Rdd7 34. Ne3 Rc7 35. Bd3 Nf8 36. Nc4 Red7 37. Ne3 Re7 38. Nc4 Ng6 39. Qxd6 Nf4+ 40. Kf1 Qxd6 41. Nxd6 Nxd3 42. Nxc8 Rxc8 43. Rxa7 Rxa7 44. Rxa7 Nxb2 45. d6 Nc4 46. d7 Rd8 0-1

[Event "Late-Titled-Tuesday-Blitz-June-25-2024"]
[Site "Chess.com"]
[Date "2024.06.25"]
[Round "11"]
[White "SaraBlackPanther"]
[Black "rasmussvane"]
[Result "1-0"]
[WhiteElo "2769"]
[BlackElo "2952"]
[TimeControl "180+1"]
[EndTime "16:06:59 PDT"]
[Termination "SaraBlackPanther won on time"]

1. c4 e6 2. Nf3 d5 3. g3 Nf6 4. Bg2 Be7 5. O-O O-O 6. b3 d4 7. e3 c5 8. Ne5 Qc7 9. f4 Nfd7 10. Nd3 Nc6 11. Na3 a6 12. e4 Rb8 13. e5 b6 14. Nf2 Bb7 15. d3 Rbe8 16. Nc2 f6 17. exf6 Nxf6 18. Ne1 Bd6 19. Ne4 Nxe4 20. Bxe4 Nb8 21.
Qf3 Bxe4 22. dxe4 b5 23. Nd3 Nd7 24. Bd2 bxc4 25. bxc4 Qc6 26. Qe2 Rb8 27. e5 Be7 28. h4 Rb7 29. h5 Rfb8 30. Rac1 Qa4 31. Be1 Nb6 32. Qg4 Qd7 33. Bd2 Na4 34. f5 exf5 35. Rxf5 Nb2 36. Nxb2 Rxb2 37. Rf8+ Bxf8 38. Qxd7 Rxd2 39.
e6 Re2 40. Rf1 Kh8 41. Qc7 Ra8 42. Qb7 Rd8 43. Qf3 1-0

[Event "Late-Titled-Tuesday-Blitz-June-25-2024"]
[Site "Chess.com"]
[Date "2024.06.25"]
[Round "11"]
[White "Oleksandr_Bortnyk"]
[Black "tptagain"]
[Result "0-1"]
[WhiteElo "3064"]
[BlackElo "3049"]
[TimeControl "180+1"]
[EndTime "16:07:02 PDT"]
[Termination "tptagain won by resignation"]

1. e4 c6 2. d4 d5 3. Nc3 dxe4 4.
Nxe4 Nf6 5. Nxf6+ exf6 6. c3 Bd6 7. Bd3 O-O 8. Qc2 g6 9. Ne2 Na6 10. h4 h5 11. Bxg6 fxg6 12. Qxg6+ Kh8 13. Qxh5+ Kg8 14. Qg6+ Kh8 15. Qh6+ Kg8 16. Bf4 Rf7 17. Bxd6 Qxd6 18. O-O-O Nc7 19. Ng3 Bg4 20. Rde1 Rh7 21. Qg6+ Rg7 22.
Qh6 Nd5 23. Re4 Qf8 24. Rhe1 f5 25. Re5 Qf6 26. Re8+ Rxe8 27. Rxe8+ Kf7 28. Qh8 Qd6 29. Re5 Nf6 30. f3 Rg8 31. Qh6 Rg6 32. Qd2 Bh3 33.
Qf4 Nd5 34. Qd2 Rxg3 35. gxh3 Qf6 36. c4 Ne7 37. h5 Rxf3 38. Qg2 Rf4 39. h6 Rxd4 40.
Rxe7+ Kxe7 41. h7 Rd8 42. Qe2+ Kf7 43. Qh5+ Kg7 44. h8=Q+ Rxh8 45. Qe2 Kf7 46. Kc2 Re8 47. c5 Rxe2+ 0-1

[Event "Late-Titled-Tuesday-Blitz-June-25-2024"]
[Site "Chess.com"]
[Date "2024.06.25"]
[Round "11"]
[White "patzer-reloaded"]
[Black "MoldyTofu"]
[Result "1-0"]
[WhiteElo "2412"]
[BlackElo "2064"]
[TimeControl "180+1"]
[EndTime "16:07:02 PDT"]
[Termination "patzer-reloaded won by resignation"]

1. d4 e6 2. e4 d5 3. Nd2 Nf6 4. Bd3 dxe4 5. Nxe4 Nxe4 6. Bxe4 Be7 7. Nf3 Nc6 8. c3 O-O 9. h4 Bd7 10. h5 h6 11. Bc2 f5 12. Qe2 Bf6 13. Bf4 a6 14.
O-O-O b5 15. Rhe1 b4 16. c4 a5 17. Ne5 Nxe5 18. Bxe5 a4 19. d5 exd5 20. Rxd5 c6 21. Rd6 Bxe5 22. Qxe5 Qc8 23. Qd4 Rf7 24. Rd1 c5 25.
Qd5 Ra7 26. Bxf5 Bxf5 27. Rd8+ Qxd8 28. Qxd8+ Kh7 29. Qb6 Rac7 30. g4 Be4 31. f3 Bxf3 32.
Qg6+ Kg8 33. Rd8+ Rf8 34. Qe6+ Rf7 35. Rxf8+ Kxf8 36. Qc8+ Ke7 37. Qxc5+ Kf6 38. Qxb4 Bxg4 39. c5 Bxh5 40. c6 Bg4 41. Qd6+ Kg5 42. c7 Rf1+ 43. Kd2 Rf2+ 44. Ke3 Rxb2 45. Qd8+ Kg6 46. c8=Q Bxc8 47.
Qxc8 a3 48. Qg4+ Kh7 49. Qc4 h5 50. Kf4 h4 51. Kg4 Rh2 52. Qe4+ Kh8 53. Qe8+ Kh7 54. Qe4+ Kg8 55. Qd5+ Kh7 56. Kh5 h3 57. Qf5+ Kg8 58.
Qc8+ Kf7 59. Qf5+ Kg8 60. Qe5 Rg2 61. Qe8+ Kh7 62. Qe4+ g6+ 63. Kh4 h2 64. Qxg2 g5+ 65. Kh3 Kg8 66. Qh1 Kf8 67. Kg2 Ke7 68. Qxh2 Kd7 69.
Qg3 Ke6 70. Qc3 Kd5 71. Qb3+ Ke4 72. Qxa3 Kf5 73. Qb3 g4 74. a4 Kf4 75. Qb4+ 1-0

[Event "Late-Titled-Tuesday-Blitz-June-25-2024"]
[Site "Chess.com"]
[Date "2024.06.25"]
[Round "11"]
[White "AryanTari"]
[Black "Grischuk"]
[Result "0-1"]
[WhiteElo "3014"]
[BlackElo "3115"]
[TimeControl "180+1"]
[EndTime "16:07:04 PDT"]
[Termination "Grischuk won on time"]

1. e4 e5 2. Nf3 Nc6 3. d4 exd4 4. Nxd4 Qf6 5. Nxc6 Bc5 6. Qf3 bxc6 7. Nd2 d6 8.
Nb3 Bb6 9. a4 a5 10. Bd2 Qxf3 11. gxf3 Ne7 12. Bc3 O-O 13. Rg1 f6 14. h4 Ng6 15. h5 Nf4 16. h6 g5 17. Nd4 Bxd4 18.
Bxd4 Kf7 19. O-O-O c5 20. Be3 Ng6 21. Bb5 Ke7 22. e5 Nxe5 23. f4 gxf4 24. Bxf4 Be6 25. Bd2 c6 26. Be2 Rg8 27. Rxg8 Rxg8 28. b3 Rg2 29. Bxa5 Rxf2 30. Ba6 c4 31. Bc7 cxb3 32. Bxd6+ Kf7 33. cxb3 Bxb3 34. Rg1 Bxa4 35. Rg7+ Ke6 36. Bxe5 Kxe5 37. Rxh7 Rh2 38. Rh8 Bc2 39. Bb7 Be4 40. Bc8 c5 41. Ba6 Kf4 0-1

[Event "Late-Titled-Tuesday-Blitz-June-25-2024"]
[Site "Chess.com"]
[Date "2024.06.25"]
[Round "11"]
[White "vi_pranav"]
[Black "Duhless"]
[Result "1-0"]
[WhiteElo "3066"]
[BlackElo "3088"]
[TimeControl "180+1"]
[EndTime "16:07:06 PDT"]
[Termination "vi_pranav won by resignation"]

1. e4 e5 2. Nc3 Nf6 3. Bc4 Bc5 4.
d3 O-O 5. h3 c6 6. Bg5 h6 7. Bh4 d6 8. Bb3 Nbd7 9. Nge2 Re8 10.
O-O Nf8 11. Na4 Bb4 12. f4 N8h7 13. f5 d5 14. Nac3 Ng5 15. Qc1 Be7 16. Bxg5 hxg5 17. exd5 cxd5 18. Qxg5 b5 19. Qg3 b4 20. Nd1 Bd7 21.
Ne3 Bc6 22. Ng4 Bc5+ 23. Kh1 a5 24. a4 bxa3 25. bxa3 a4 26. Ba2 Nh5 27. Qf3 Nf6 28. Nxf6+ Qxf6 29. Bxd5 e4 30. Bxe4 Bxe4 31. dxe4 Rad8 32.
Nf4 Qe5 33. Nd3 Qc3 34. f6 g6 35. e5 Qxc2 36. Nxc5 Qxc5 37. Qf4 Rd4 38. Qh6 Qf8 39. Qe3 Kh8 40. Qxd4 Qh6 41. Qxa4 Rxe5 42. Qa8+ Kh7 43.
Qb7 Kg8 44. Qb8+ 1-0

[Event "Late-Titled-Tuesday-Blitz-June-25-2024"]
[Site "Chess.com"]
[Date "2024.06.25"]
[Round "11"]
[White "Fandorine"]
[Black "GlavkonVVS"]
[Result "1-0"]
[WhiteElo "2919"]
[BlackElo "2647"]
[TimeControl "180+1"]
[EndTime "16:07:06 PDT"]
[Termination "Fandorine won by checkmate"]

1. d4 Nf6 2. c4 e6 3. Nf3 c5 4. g3 cxd4 5. Nxd4 Nc6 6. Bg2 Bc5 7. Nb3 Be7 8. O-O O-O 9. Nc3 d6 10. Bf4 a6 11. Qd2 e5 12. Bg5 Be6 13. Bxf6 Bxf6 14.
Nd5 Rc8 15. Rac1 Bg5 16. e3 f5 17. f4 Be7 18. Rfd1 e4 19. h3 Kh8 20. Kh2 Bf6 21. a3 Bxd5 22. cxd5 Ne7 23. Na5 Qb6 24. b4 g6 25. g4 Rxc1 26. Rxc1 g5 27. Nc4 Qd8 28. gxf5 Nxf5 29. Bxe4 Nh4 30. Bh1 Qe7 31. Rg1 Ng6 32.
Rg4 Re8 33. Bf3 b5 34. fxg5 Bxg5 35. Re4 Ne5 36. Nxe5 dxe5 37. d6 Qf6 38. Bg2 Rd8 39.
d7 Qf5 40. Qc3 Bf6 41. Qc6 h5 42. Qxa6 Qf2 43. Qc6 h4 44. Rg4 Rf8 45. Qe4 Qe1 46. Rg6 Qf2 47. Rh6+ Kg8 48. Qh7# 1-0

[Event "Late-Titled-Tuesday-Blitz-June-25-2024"]
[Site "Chess.com"]
[Date "2024.06.25"]
[Round "11"]
[White "Bryanl106"]
[Black "chessdoll90"]
[Result "1-0"]
[WhiteElo "2709"]
[BlackElo "2495"]
[TimeControl "180+1"]
[EndTime "16:07:06 PDT"]
[Termination "Bryanl106 won by checkmate"]

1. e4 c5 2. Nf3 Nc6 3. b3 e5 4. Bb5 d6 5. O-O Nf6 6. Re1 Be7 7. c3 O-O 8. d4 cxd4 9. cxd4 Bg4 10. Bxc6 bxc6 11.
dxe5 Nh5 12. h3 Be6 13. Bb2 Nf4 14. Qd2 dxe5 15. Nxe5 Qxd2 16. Nxd2 Bf6 17. Ndf3 Rfc8 18. Rac1 a5 19. Bd4 a4 20. Rxc6 axb3 21. axb3 Bxb3 22. Rxc8+ Rxc8 23. Rb1 Bc2 24. Re1 Rd8 25. Be3 Nd3 26. Nxd3 Rxd3 27. Rc1 Rd1+ 28. Rxd1 Bxd1 29. Ne1 g6 30.
Nd3 Bc2 31. Nc5 Be7 32. f3 Bxc5 33. Bxc5 f6 34. Kf2 Kf7 35. Ke3 Ke6 36. Kf4 Bd3 37. h4 h5 38. Bd4 Bf1 39. g3 Bg2 40. Ke3 Bf1 41. Bc3 Bc4 42. Kd4 Be2 43. Ke3 Bd1 44. Kf4 Be2 45. Ba1 Bd1 46. Bd4 Be2 47. Bc3 Bd1 48.
Be1 g5+ 49. hxg5 fxg5+ 50. Ke3 Bc2 51. Ba5 Bb1 52. Bd8 g4 53. f4 Bc2 54. Bb6 Bb1 55. f5+ Kf7 56. Kf4 Bc2 57. e5 Bb1 58. e6+ Ke7 59. Bc5+ Kf6 60. Bd4+ Ke7 61. Ke5 h4 62. Bc5+ Ke8 63. f6 hxg3 64. f7+ Kd8 65. f8=Q+ Kc7 66. Qd6+ Kb7 67. Qb6+ Ka8 68. Qa6+ Kb8 69.
Bd6# 1-0